 Dungeon Crawl Stone Soup version 0.22-a0-533-g4d20840 (webtiles) character file.

254 Darkshadow the Chopper (level 5, 0/48 HPs)
             Began as a Minotaur Berserker on June 21, 2018.
             Was a Priest of Trog.
             Killed by divine providence
             ... invoked by an orc priest
              (16 damage)
             ... on level 3 of the Dungeon on June 22, 2018.
             The game lasted 00:06:57 (2870 turns).

Darkshadow the Chopper (Minotaur Berserker)         Turns: 2870, Time: 00:06:58

Health: 0/48       AC:  2    Str: 21    XL:     5   Next: 90%
Magic:  4/4        EV: 13    Int:  4    God:    Trog [***...]
Gold:   167        SH:  0    Dex: 11    Spells: 4/4 levels left

rFire    . . .     SeeInvis .   a - +0 hand axe
rCold    . . .     Gourm    .   (no shield)
rNeg     . . .     Faith    .   b - +0 animal skin
rPois    .         Spirit   .   (helmet restricted)
rElec    .         Reflect  .   (no cloak)
rCorr    .         Harm     .   (no gloves)
MR       ++...                  (no boots)
Stlth    +.........             (no amulet)
HPRegen  1.16/turn              (no ring)
MPRegen  0.09/turn              (no ring)

@: lethally poisoned (0 -> 0), berserk cooldown, regenerating, slowed, very slow
A: retaliatory headbutt, horns 2
a: Berserk, Trog's Hand, Renounce Religion


You were on level 3 of the Dungeon.
You worshipped Trog.
Trog was most pleased with you.
You were very hungry.

You visited 1 branch of the dungeon, and saw 3 of its levels.

You collected 167 gold pieces.

Inventory:

Hand Weapons
 a - a +0 hand axe (weapon)
 o - a +0 dagger
Missiles
 f - 96 stones (quivered)
Armour
 b - a +0 animal skin (worn)
Jewellery
 i - a cursed ring of teleportation {unknown}
 j - an uncursed ring of resist corrosion {unknown}
 n - an uncursed amulet of the gourmand {unknown}
Wands
 l - a wand of iceblast (12)
Scrolls
 g - a scroll of enchant armour {unknown}
 k - a scroll of identify {unknown}
 r - a scroll of amnesia {unknown}
 s - a scroll of fear {unknown}
Potions
 d - a potion of curing {@q1}
 e - 2 potions of agility {unknown}
 h - a potion of invisibility {unknown}
 m - a potion of resistance {unknown}
 p - a potion of degeneration {unknown}
 q - a potion of heal wounds {unknown}
Comestibles
 c - 5 rations
 t - a chunk of flesh


   Skills:
 + Level 5.0 Fighting
 + Level 5.2 Axes
 + Level 4.2 Armour
 + Level 3.8 Dodging


You had 4 spell levels left.
You didn't know any spells.
Your spell library was empty.

Dungeon Overview and Level Annotations

Branches:
Dungeon (3/15)

Altars:
Uskayaw
Vehumet

Annotations:
D:2 1 runed door


Innate Abilities, Weirdness & Mutations

You reflexively headbutt those who attack you in melee.
You have a pair of horns on your head.


Message History

You feel sick.
You slash the adder!
You kill the adder!
Trog accepts your kill.
You slash the ball python!
You kill the ball python!
Trog accepts your kill. Something hits you.
Deactivating autopickup; reactivate with Ctrl-A.
There is an open door, spattered with blood here.
Items here: ))) [ †† You closely miss something.
You headbutt something!
You are no longer berserk.
You are exhausted.
You feel yourself slow down.
You feel sick. Something hits you but does no damage.
You closely miss something. Your headbutt misses something. Something hits you.
The orc priest calls down the wrath of Beogh upon you.
Beogh smites you!
You die... ..... # ... # .l. # oro

# #o# # #o# # #{#
###########
##@######........##
#.).....#........##
#.......#........##
#.......#........##
#......)).......)))
#.......#.)......##
#.......#........##
#.......#........##
#.......#........##


You could see an orc priest, 3 orcs, a frilled lizard and a rat.

Vanquished Creatures
  3 orc wizards (D:3)
  Ijyb (D:3)
  Robin (D:3)
  4 gnolls (D:3)
  2 adders (D:3)
  4 leopard geckos
  5 orcs (D:3)
  4 giant cockroaches
  15 goblins
  8 hobgoblins
  2 quokkas
  A ball python (D:3)
  9 bats
  4 frilled lizards
  4 kobolds
  6 rats
73 creatures vanquished.

Notes
Turn   | Place    | Note
-------+----------+-------------------------------------------
     0 | D:1      | Darkshadow the Minotaur Berserker began the quest for the Orb.
     0 | D:1      | Reached XP level 1. HP: 19/19 MP: 0/0
    33 | D:1      | You fall through a shaft!
   110 | D:2      | Found a runed door.
   229 | D:2      | Reached XP level 2. HP: 27/27 MP: 1/1
   255 | D:2      | Found a hide-covered altar of Uskayaw.
   552 | D:2      | Found a radiant altar of Vehumet.
  1292 | D:1      | Reached XP level 3. HP: 29/33 MP: 2/2
  1416 | D:1      | Reached ** piety under Trog
  2118 | D:3      | Noticed Ijyb
  2126 | D:3      | Killed Ijyb
  2126 | D:3      | Reached XP level 4. HP: 34/41 MP: 3/3
  2370 | D:3      | Noticed Robin
  2383 | D:3      | Killed Robin
  2551 | D:3      | Reached XP level 5. HP: 28/47 MP: 4/4
  2794 | D:3      | Reached skill level 5 in Axes
  2864 | D:3      | Reached skill level 5 in Fighting
  2867 | D:3      | Reached *** piety under Trog
  2870 | D:3      | Killed from afar by an orc priest

Vault maps used:
D:1:      saegor_arrival_miasma, minmay_misc_feat_five
D:2:      vehumet_crystals, kennysheep_small_spiral, lemuel_tele_altar,
          uniq_crazy_yiuf_cottage
D:3:      uniq_ijyb, uniq_robin

Skill      XL: |  1  2  3  4  5 |
---------------+----------------+-----
Axes           | 4 5 |  5.2
Fighting       | 4 5 |  5.0
Armour         | 3 4 |  4.2
Dodging        | 3 |  3.8

Action                   |  1- 3 |  4- 6 || total
-------------------------+-------+-------++-------
Melee: Hand axe          |    90 |    56 ||   146
       Headbutt          |    12 |    18 ||    30
Throw: Stone             |    38 |    20 ||    58
Invok: Berserk           |     1 |     1 ||     2
       Trog's Hand       |       |     1 ||     1
  Use: Potion            |       |     1 ||     1
  Eat: Chunk             |     5 |     2 ||     7
Armor: Animal skin       |    28 |     7 ||    35
Dodge: Dodged            |    77 |    29 ||   106

Table legend:
 A = Spawn XP
 B = Non-spawn XP
 C = Spawn XP percentage of total XP
 D = Spawn monster count
 E = Non-spawn monster count
 F = Spawn count percentage of total count
 G = Total turns spent on level
                    A         B        C        D         E        F      G
               +---------+---------+-------+---------+---------+-------+---------
         Total |       0 |     363 |   0.0 |       0 |      73 |   0.0 |  2870
               +---------+---------+-------+---------+---------+-------+---------
           D:1 |       0 |      32 |   0.0 |       0 |      17 |   0.0 |   794
           D:2 |       0 |      34 |   0.0 |       0 |      20 |   0.0 |  1103
           D:3 |       0 |     297 |   0.0 |       0 |      36 |   0.0 |   973
               +---------+---------+-------+---------+---------+-------+---------
